 Dungeon Crawl Stone Soup version 0.19.4-8-ga85b6b9 (webtiles) character file.

38 Mefis the Magician (level 3, 0/19 HPs)
             Began as a Deep Elf Wizard on Feb 12, 2017.
             Slain by Ijyb (3 damage)
             ... on level 2 of the Dungeon.
             The game lasted 00:02:48 (1482 turns).

Mefis the Magician (Deep Elf Wizard)                Turns: 1482, Time: 00:02:49

Health: 0/19       AC:  3    Str:  4    XL:     3   Next: 25%
Magic:  0/11       EV: 13    Int: 23    God:
Gold:   113        SH:  0    Dex: 13    Spells: 5 memorised, 2 levels left

rFire  . . .     SeeInvis .     l - +0 dagger
rCold  . . .     Gourm    .     a - +0 robe
rNeg   . . .     Faith    .     (no shield)
rPois  +         Spirit   .     b - +0 hat
rElec  .         Reflect  .     r - +0 cloak
rCorr  .         Harm     .     (no gloves)
MR     .....                    (no boots)
Stlth  +.........               (no amulet)
                                m - ring of loudness (curse)
                                g - ring of poison resistance

@: no status effects
A: no striking features
a: no special abilities


You were on level 2 of the Dungeon.
You were hungry.

You visited 1 branch of the dungeon, and saw 2 of its levels.

You collected 113 gold pieces.

Inventory:

Hand Weapons
 l - a +0 dagger (weapon)
Missiles
 n - 15 poisoned needles
Armour
 a - a +0 robe (worn)
 b - a +0 hat (worn)
 r - a +0 cloak (worn)
Jewellery
 g - a ring of poison resistance (left hand)
 m - a cursed ring of loudness (right hand)
 o - an uncursed amulet of harm {unknown}
 q - an uncursed ring of fire {unknown}
Scrolls
 e - 2 scrolls of amnesia {unknown}
 h - 2 scrolls of remove curse {unknown}
 j - a scroll of enchant armour {unknown}
 k - a scroll of fog {unknown}
 p - 3 scrolls of identify {unknown}
Potions
 f - a potion of flight {unknown}
 i - a potion of might {unknown}
Books
 c - a book of Minor Magic

   Spells                             Type                      Level
   a - Magic Dart                     Conjuration                  1
   b - Blink                          Translocation                2
   c - Call Imp                       Summoning                    2
   d - Repel Missiles                 Charms/Air                   2
   e - Slow                           Hexes                        2
   f - Conjure Flame                  Conjuration/Fire             3
   g - Mephitic Cloud                 Conjuration/Poison/Air       3
Comestibles
 d - a bread ration
 s - 5 fruits


   Skills:
 + Level 2.8 Dodging
 + Level 2.7 Stealth
 * Level 5.2 Spellcasting
 + Level 1.8 Conjurations
 - Level 1.1 Summonings
 - Level 1.1 Translocations
 + Level 0.8 Air Magic
 + Level 0.0 Poison Magic


You had 2 spell levels left.
You knew the following spells:

 Your Spells              Type           Power        Failure   Level  Hunger
a - Magic Dart            Conj           ##..         4%          1    None
b - Call Imp              Summ           ##......     12%         2    None
c - Blink                 Tloc           N/A          12%         2    None
d - Repel Missiles        Chrm/Air       #.....       14%         2    None
e - Mephitic Cloud        Conj/Pois/Air  ##......     21%         3    ##.....


Dungeon Overview and Level Annotations

Branches:
Dungeon (2/15)

Altars:

Annotations:
D:2 Ijyb


Message History

Your crimson imp hits Ijyb.
Ijyb misses your crimson imp.
You catch the helpless Ijyb completely off-guard!
You hit Ijyb but do no damage.
Ijyb is heavily wounded.
Your crimson imp hits Ijyb but does no damage.
Ijyb closely misses your crimson imp.
You catch the helpless Ijyb completely off-guard!
You hit Ijyb.
Ijyb is severely wounded.
Ijyb closely misses you.
Your crimson imp closely misses Ijyb.
You hit Ijyb but do no damage.
Ijyb is severely wounded.
Your crimson imp blinks!
Your crimson imp closely misses Ijyb.
Ijyb hits you.
* * * LOW HITPOINT WARNING * * *
Casting: Call Imp
Confirm with . or Enter, or press ? or * to list all spells.
A beastly little devil appears in a puff of frigid air.
Ijyb hits you.
You die...

#.....(..... ..#.....## #.
###...... .?.......§.....####.
#...... ...†............
..####......
...............#####..........
.............................#
...............#.##......÷.##.
...............#.##.(....).# .
......)..#...@....†........# .
.........###g5.............# .
.............5...#.#########
..........#..#.###.#
(?...........).....#
..†............#####
..>............#
...............#
........†......##


You could see Ijyb, a friendly crimson imp and a friendly white imp.

Vanquished Creatures
  A leopard gecko (D:1)
  A ball python (D:2)
  3 bats
  2 giant cockroaches (D:1)
  5 goblins
  4 hobgoblins
  A jackal (D:1)
  5 kobolds
  3 frilled lizards
  7 rats
32 creatures vanquished.

Vanquished Creatures (collateral kills)
  A goblin (D:1)
  2 jackals (D:1)
3 creatures vanquished.

Vanquished Creatures (others)
  A worm (D:2)
1 creature vanquished.

Grand Total: 36 creatures vanquished

Notes
Turn   | Place    | Note
-------+----------+-------------------------------------------
     0 | D:1      | Mefis the Deep Elf Wizard began the quest for the Orb.
     0 | D:1      | Reached XP level 1. HP: 10/10 MP: 7/7
   189 | D:1      | Reached XP level 2. HP: 12/15 MP: 0/9
   193 | D:1      | Learned a level 2 spell: Call Imp
   196 | D:1      | Learned a level 2 spell: Blink
   199 | D:1      | Learned a level 2 spell: Repel Missiles
   508 | D:1      | Reached skill level 5 in Spellcasting
  1120 | D:2      | Reached XP level 3. HP: 19/19 MP: 9/11
  1125 | D:2      | Learned a level 3 spell: Mephitic Cloud
  1354 | D:2      | Noticed Ijyb
  1482 | D:2      | Slain by Ijyb

Skill      XL: |  1  2 |
---------------+-------+-----
Spellcasting   | 5 |  5.2
Dodging        | |  2.8
Stealth        | |  2.7
Conjurations   | |  1.8
Summonings     | |  1.1
Translocations | |  1.1
Air Magic      | |  0.8

Action                   || total
-------------------------++-------
Melee: Unarmed           ||     8
       Dagger            ||    42
 Cast: Magic Dart        ||    71
       Call Imp          ||     6
       Repel Missiles    ||     1
       Mephitic Cloud    ||     1
 Stab: Sleeping          ||     2
       Distracted        ||     3
  Eat: Chunk             ||     1
Armor: Robe              ||    12
Dodge: Dodged            ||    42
       Deflected         ||     1
